 Dungeon Crawl Stone Soup version 0.27-a0-1206-g6342a01c75 (webtiles) character file.

Game seed: 1689794985030253044

58 27snakeeyes612 the Shield-Bearer (level 3, -9/33 HPs)
             Began as a Minotaur Fighter on June 5, 2021.
             Killed by divine providence
             ... invoked by an orc priest
              (10 damage)
             ... on level 2 of the Dungeon.
             The game lasted 00:00:53 (1585 turns).

27snakeeyes612 the Shield-Bearer (Minotaur Fighter) Turns: 1585, Time: 00:00:54

Health: -9/33      AC: 15    Str: 21    XL:     3   Next: 75%
Magic:  2/2        EV:  4    Int:  5    God:
Gold:   56         SH:  0    Dex:  9    Spells: 2/2 levels left

rFire    . . .     SeeInvis .   a - +0 war axe
rCold    . . .     Faith    .   c - +0 kite shield
rNeg     . . .     Spirit   .   e - +0 plate armour
rPois    +         Reflect  .   (helmet restricted)
rElec    .         Harm     .   l - +2 cloak {rPois}
rCorr    .         Rampage  .   (no gloves)
Will     .....                  (no boots)
Stlth    ..........             (no amulet)
HPRegen  0.11/turn              (no ring)
MPRegen  0.08/turn              (no ring)

@: confused
A: horns 2, retaliatory headbutt
a: no special abilities


You were on level 2 of the Dungeon.
You visited 1 branch of the dungeon, and saw 2 of its levels.

You collected 56 gold pieces.

Inventory:

Hand Weapons
 a - a +0 war axe (weapon)
Armour
 b - a +0 scale mail
 c - a +0 kite shield (worn)
 e - a +0 plate armour (worn)
 l - a +2 cloak of poison resistance (worn)
Jewellery
 f - a ring of positive energy
Scrolls
 k - a scroll of blinking {unknown}
Potions
 d - a potion of might
 g - a potion of attraction {unknown}
 h - a potion of curing {unknown}
 i - a potion of resistance {unknown}
 j - a potion of degeneration {unknown}


   Skills:
 + Level 3.9 Fighting
 + Level 3.5 Axes
 + Level 4.2 Armour
 + Level 4.3 Shields


You had 2 spell levels left.
You didn't know any spells.
Your spell library was empty.

Dungeon Overview and Level Annotations

Branches:
Dungeon (2/15)

Altars:


Innate Abilities, Weirdness & Mutations

You have a pair of horns on your head.
You reflexively headbutt those who attack you in melee.


Message History

The orc priest miscasts a cantrip.
You are too confused!
You are too confused!
You are too confused!
You are too confused!
You are too confused!
You are too confused!
You are too confused!
You are too confused!
You are too confused!
You are too confused!
You are too confused!
You are too confused!
You are too confused!
You are too confused!
You are too confused!
You are too confused!
Unknown command.
You barely miss the orc wizard.
The orc wizard is almost dead.
The orc wizard hits you but does no damage.
You bump into the rock wall.
The orc wizard barely misses you.
Your shield and plate armour prevent you from hitting the orc wizard.
Your headbutt misses the orc wizard.
The orc wizard is almost dead.
The orc wizard gestures at you while chanting.
The magic dart hits you but does no damage.
The orc priest calls down the wrath of Beogh upon you.
Beogh smites you!
* * * LOW HITPOINT WARNING * * *
The orc wizard gestures at you while chanting.
The magic dart hits you.
* * * LOW HITPOINT WARNING * * *
The orc priest looks braver for a moment.
You closely miss the orc wizard.
The orc wizard is almost dead.
The orc wizard hits you but does no damage.
The orc priest mumbles some strange prayers to Beogh against you.
Beogh smites you!
You die...

##.# #.#
##.#.######.#.# #.#
#.###....#### #.#.#
#.#
#...........###.#.#
#.#
#.###....##.......#
#.# #.#
##.#.######.###
#.#######.#
#.#.######.#
#.........#
#.#........#
#.#######.#
#.##########
#.........# #@#
########### #o# #o#
#o# ..# ..# ...
#...


You could see 2 orc priests and an orc wizard.

Vanquished Creatures
  2 adders (D:2)
  A worm (D:2)
  A dart slug (D:1)
  An orc (D:2)
  5 ball pythons
  7 bats
  4 endoplasms
  4 goblins
  A hobgoblin (D:1)
  A kobold (D:1)
  2 quokkas (D:1)
  2 frilled lizards (D:1)
  2 rats (D:1)
33 creatures vanquished.

Notes
Turn   | Place    | Note
-------+----------+-------------------------------------------
     0 | D:1      | 27snakeeyes612 the Minotaur Fighter began the quest for the
                  | Orb.
     0 | D:1      | Reached XP level 1. HP: 19/19 MP: 0/0
   215 | D:1      | Found a faded altar of an unknown god.
   239 | D:1      | Reached XP level 2. HP: 27/27 MP: 1/1
   850 | D:1      | Reached XP level 3. HP: 31/33 MP: 2/2
  1584 | D:2      | HP: 1/33 [orc wizard/magic dart (5)]
  1585 | D:2      | Killed from afar by an orc priest

Illustrated notes

Levels and vault maps discovered:
D:1:      arrival_zaba_pyramid, layout_basic, shapermc_ecumenical_altar_gd,
          minmay_ruptured
D:2:      layout_loops_corners

Skill      XL: |  1  2 |
---------------+-------+-----
Axes           | 3 |  3.5
Armour         | 4 |  4.2
Shields        | 4 |  4.3
Fighting       | |  3.9

Action                   || total
-------------------------++-------
Melee: War axe           ||    89
       Headbutt          ||    12
Armor: Plate armour      ||    61
       Scale mail        ||     2
Dodge: Dodged            ||    14
Block: Kite shield       ||    41

Table legend: (Time is in decaauts)
 A = Elapsed time spent in this place.
 B = Non-inter-level travel time spent in this place.
 C = Inter-level travel time spent in this place.
 D = Time resting spent in this place.
 E = Time spent auto-exploring this place.
 F = Levels seen in this place.
 G = Mean time per level.
                   A        B        C        D        E       F      G
               +--------+--------+--------+--------+--------+-----+--------+
         Total |   1635 |   1610 |     25 |      0 |   1366 |   2 |  817.5 |
       Dungeon |   1635 |   1610 |     25 |      0 |   1366 |   2 |  817.5 |
               +--------+--------+--------+--------+--------+-----+--------+

Top non-repeatable levels by time:
     D:1: 958 daAuts
     D:2: 676 daAuts
